 Dungeon Crawl Stone Soup version 0.28.0-45-g0d030f2227 (webtiles) character file.

Game seed: 13659513756516781953

93 NinjaNoafa the Chiller (level 4, 0/32 HPs)
             Began as a Human Ice Elementalist on Apr 20, 2022.
             Hit by a stone thrown by a gnoll (2 damage)
             ... on level 3 of the Dungeon.
             The game lasted 00:07:05 (3387 turns).

NinjaNoafa the Chiller (Human Ice Elementalist)     Turns: 3387, Time: 00:07:05

Health: 0/32       AC:  7    Str:  8    XL:     4   Next: 92%
Magic:  3/7        EV: 12    Int: 18    God:
Gold:   48         SH:  0    Dex: 13    Spells: 7/8 levels left

rFire   . . .      SeeInvis .   h - +0 mace (protect)
rCold   . . .      Faith    .   (no shield)
rNeg    . . .      Spirit   .   a - +0 robe
rPois   .          Reflect  .   b - +2 hat {Will+}
rElec   .          Harm     .   (no cloak)
rCorr   .          Rampage  .   f - +1 pair of gloves
Will    +....                   e - +0 pair of boots
Stlth   ++........              (no amulet)
HPRegen 0.10/turn               (no ring)
MPRegen 0.10/turn               (no ring)

@: brilliant
A: no striking features
a: no special abilities


You were on level 3 of the Dungeon.
You visited 1 branch of the dungeon, and saw 3 of its levels.

You collected 48 gold pieces.

Inventory:

Hand Weapons
 h - a +0 mace of protection (weapon)
 i - a +0 war axe
Missiles
 d - 61 stones
Armour
 a - a +0 robe (worn)
 b - a +2 hat of willpower (worn)
 e - a +0 pair of boots (worn)
 f - a +1 pair of gloves (worn)
 j - a +0 animal skin
 k - a +0 helmet
Potions
 c - a potion of haste
 g - a potion of flight {unknown}


   Skills:
 + Level 1.1 Fighting
 + Level 2.7 Dodging
 - Level 2.2 Stealth
 + Level 2.6 Spellcasting
 + Level 1.4 Conjurations
 + Level 0.6 Translocations
 + Level 4.3 Ice Magic


You had 7 spell levels left.
You knew the following spells:

 Your Spells              Type           Power      Damage    Failure   Level
a - Freeze                Ice            100%       1d11      2%          1

Your spell library contained the following spells:

 Spells                   Type           Power      Damage    Failure   Level
 Frozen Ramparts          Ice            54%        1d7       9%          3
 Ozocubu's Armour         Ice            27%        N/A       9%          3
 Gell's Gravitas          Tloc           7%         N/A       36%         3
 Lesser Beckoning         Tloc           7%         N/A       36%         3
 Teleport Other           Tloc           7%         N/A       36%         3
 Hailstorm                Conj/Ice       19%        3d6       45%         4


Dungeon Overview and Level Annotations

Branches:
Dungeon (3/15)

Altars:

Shops:
D:1 !?


Message History

You kill Robin!
g - a fuming ruby potion
Items here: ) [[ †.
h - a +0 mace of protection;
j - a +0 animal skin;
k - a +0 helmet The goblin shouts!
You see here a +0 dagger.
The gnoll shouts!
The orc shouts!
The gnoll throws a stone.
Keep disrobing?
You stop removing your armour.
The stone closely misses you.
Unknown command.
Your +0 mace of protection hums with potential!
h - a +0 mace of protection (weapon)
The goblin closely misses you.
You closely miss the goblin. The goblin hits you with a +0 dagger.
You are too injured to fight recklessly!
You see here a dart slug corpse.
Casting: Freeze (safe; 2% risk of failure)
Confirm with . or Enter, or press ? or * to list all spells.
Aiming: Freeze (safe; 2% risk of failure)
Press: ? - help, Shift-Dir - straight line, f - goblin
Aim: a goblin, wielding a +0 dagger You feel a surge of power!
You freeze the goblin.
The goblin is moderately wounded.
The goblin hits you with a +0 dagger.
Casting: Freeze (safe; 2% risk of failure)
Confirm with . or Enter, or press ? or * to list all spells.
You don't know that spell.
Casting: Freeze (safe; 2% risk of failure)
Confirm with . or Enter, or press ? or * to list all spells.
Aiming: Freeze (safe; 2% risk of failure)
Press: ? - help, Shift-Dir - straight line, f/p - goblin
Aim: a goblin, wielding a +0 dagger (moderately wounded)
You feel a surge of power!
You freeze the goblin!
You kill the goblin!
The gnoll hits you from afar with a +0 halberd!
* * * LOW HITPOINT WARNING * * *
The gnoll throws a stone.
The stone hits you.
You die...

##
.o.......†.......g
#
######....#######.
#. # ##.#)### #.##
# #.#.g.## ...##.
#.#o#..# #...P
#.#g##.g# #.#..
#.#.# #.... #.###
#.#.#.##g..# #.###
#.@.'⌠.##.## +....
###.#...#'# #.###
#.##...'. ##.# #
#.)##.....##.## #
##..##.⌠.##..# #
##..##.##..## #
##..#'#..## #
##..+..## #
##...## #


You could see a gnoll, an orc and a goblin.

Vanquished Creatures
  Robin (D:3)
  A gnoll (D:3)
  An adder (D:2)
  A worm (D:3)
  2 dart slugs
  An orc (D:3)
  4 ball pythons
  3 bats
  4 endoplasms
  2 giant cockroaches (D:1)
  10 goblins
  11 hobgoblins
  2 quokkas
  A frilled lizard (D:1)
  4 rats
48 creatures vanquished.

Vanquished Creatures (others)
  2 plants (D:3)
2 creatures vanquished.

Grand Total: 50 creatures vanquished

Notes
Turn   | Place    | Note
-------+----------+-------------------------------------------
     0 | D:1      | NinjaNoafa the Human Ice Elementalist began the quest for
                  | the Orb.
     0 | D:1      | Reached XP level 1. HP: 13/13 MP: 3/3
    43 | D:1      | Found Fubioc's Magic Scroll Boutique.
   395 | D:1      | Reached XP level 2. HP: 8/19 MP: 0/5
   395 | D:1      | Found Egisoj's Distillery.
   824 | D:1      | Found a faded altar of an unknown god.
  1248 | D:1      | Reached XP level 3. HP: 25/25 MP: 3/6
  1447 | D:2      | Reached skill level 1 in Conjurations
  2696 | D:3      | Reached XP level 4. HP: 31/31 MP: 4/7
  2883 | D:3      | Reached skill level 1 in Fighting
  3339 | D:3      | Noticed Robin
  3368 | D:3      | Killed Robin
  3385 | D:3      | HP: 1/32 [gnoll/+0 halberd (9)]
  3387 | D:3      | Hit by a stone thrown by a gnoll

Illustrated notes

Levels and vault maps discovered:
D:1:      matt_arrival_refuge, layout_rooms,
          hellmonk_ecumenical_altar_arch_garden, serial_shops,
          nicolae_shop_waterfront, shop, hangedman_glass_teeth
D:2:      layout_loops_ring
D:3:      minmay_bubble_buster, layout_loops_ring, serial_forest,
          infiniplex_forest_corner_2, infiniplex_forest_lined_3,
          infiniplex_forest_clump_small, infiniplex_forest_clump_cross,
          infiniplex_forest_3_way, infiniplex_forest_straight_2,
          grunt_decor_arrowhead, uniq_robin

Skill      XL: |  1  2  3  4 |
---------------+-------------+-----
Conjurations   | 1 |  1.4
Fighting       | 1 |  1.1
Dodging        | |  2.7
Stealth        | |  2.2
Spellcasting   | |  2.6
Translocations | |  0.6
Ice Magic      | |  4.3

Action                   |  1- 3 |  4- 6 || total
-------------------------+-------+-------++-------
Melee: Unarmed           |    13 |       ||    13
       Punch             |     1 |     1 ||     2
       War axe           |       |    12 ||    12
       Mace              |       |     1 ||     1
 Cast: Freeze            |    55 |    23 ||    78
  Use: Scroll            |     2 |     2 ||     4
       Potion            |     1 |     1 ||     2
Armor: Robe              |    24 |    10 ||    34
Dodge: Dodged            |    43 |    33 ||    76
